 Dungeon Crawl Stone Soup version 0.19-a0-1365-gb34f4cb (webtiles) character file.

50 dorian the Slasher (level 3, -2/29 HPs)
             Began as a Demigod Skald on Sept 2, 2016.
             Slain by a phantom (7 damage)
             ... on level 3 of the Dungeon.
             The game lasted 00:03:14 (1634 turns).

dorian the Slasher (Demigod Skald)                  Turns: 1634, Time: 00:03:15

Health: -2/29      AC:  3    Str: 12 (15) XL:     3   Next: 35%
Magic:  4/8        EV: 12    Int: 13 (16) God:
Gold:   25         SH:  0    Dex: 15 (17) Spells: 2 memorised, 2 levels left

rFire  . . .     SeeInvis .     a - +0 falchion
rCold  . . .     Gourm    .     b - +0 leather armour
rNeg   . . .     Faith    +     (no shield)
rPois  .         Spirit   .     (no helmet)
rElec  .         Dismiss  .     (no cloak)
rCorr  .         Reflect  .     (no gloves)
MR     .....     Harm     .     (no boots)
Stlth  +.........               g - amulet of faith
                                (no ring)
                                (no ring)

@: very slightly contaminated, hasted, very quick
A: high mp 1
a: no special abilities


You were on level 3 of the Dungeon.
You were hungry.

You visited 1 branch of the dungeon, and saw 3 of its levels.

You collected 25 gold pieces.

Inventory:

Hand Weapons
 a - a +0 falchion (weapon)
Armour
 b - a +0 leather armour (worn)
 h - a +0 shield
Jewellery
 g - an amulet of faith (around neck)
Scrolls
 e - 2 scrolls of enchant armour {unknown}
 i - 7 scrolls of identify {unknown}
 j - a scroll of blinking {unknown}
 n - a scroll of magic mapping {unknown}
 q - 2 scrolls of enchant weapon {unknown}
Potions
 k - 2 potions of degeneration
 m - 2 potions of curing
Books
 c - a book of Battle

   Spells                             Type                      Level
   a - Infusion                       Charms                       1
   b - Shroud of Golubria             Charms/Translocation         2
   c - Song of Slaying                Charms                       2
   d - Spectral Weapon                Hexes/Charms                 3
   e - Regeneration                   Charms/Necromancy            3
Comestibles
 d - 3 bread rations
 f - 3 beef jerkies
 l - a slice of pizza
 o - a meat ration
 s - 6 fruits


   Skills:
 - Level 1.7 Fighting
 * Level 3.0 Long Blades
 - Level 0.8 Armour
 + Level 1.6 Dodging
 - Level 1.7 Spellcasting
 + Level 2.9 Charms


You had 2 spell levels left.
You knew the following spells:

 Your Spells              Type           Power        Failure   Level  Hunger
a - Infusion              Chrm           #...         12%         1    ##.....
b - Shroud of Golubria    Chrm/Tloc      #.........   34%         2    ###....


Dungeon Overview and Level Annotations

Branches:
Dungeon (3/15)


Innate Abilities, Weirdness & Mutations

You have an increased reservoir of magic. (+10% MP)


Message History

You barely miss the phantom.
The phantom is heavily damaged.
You hit the phantom.
The phantom is heavily damaged.
The phantom misses you.
You riposte.
You closely miss the phantom.
The phantom is heavily damaged.
You slash the phantom!
The phantom is severely damaged.
The phantom hits you.
* * * LOW HITPOINT WARNING * * *
You hit the phantom.
The phantom is severely damaged.
The phantom hits you.
* * * LOW HITPOINT WARNING * * *
You closely miss the phantom.
The phantom is severely damaged.
You hit the phantom.
The phantom is almost destroyed.
The phantom hits you!
You die...

#.######.#.#
#.######.#.#
#.#......#.#
#.#.####.#.# #.#.# #.#.#
#.#.####.#.#
#......#.#.#
###.#..#.#.#.#
#.....@W.....#
###.#..#.#...#
#.#..#.#...####
#.#..#.#......# ..
#.............# ...
#.##.#.#....### ...#
##.##.#.#....### ....#
##.....#.#......#
#..#####...##.#.#....###


You could see a phantom.

Vanquished Creatures
  An adder (D:2)
  A dart slug (D:1)
  4 giant geckos
  2 giant cockroaches
  5 goblins (D:1)
  6 hobgoblins
  A jackal (D:2)
  3 bats
  A giant newt (D:2)
  5 kobolds
  3 rats
32 creatures vanquished.

Notes
Turn   | Place    | Note
-------+----------+-------------------------------------------
     0 | D:1      | dorian the Demigod Skald began the quest for the Orb.
     0 | D:1      | Reached XP level 1. HP: 17/17 MP: 5/5
    13 | D:1      | Reached skill level 1 in Dodging
    47 | D:1      | Reached skill level 2 in Long Blades
   280 | D:1      | Reached XP level 2. HP: 22/24 MP: 7/7
   288 | D:1      | Learned a level 2 spell: Shroud of Golubria
   838 | D:2      | Reached XP level 3. HP: 21/29 MP: 0/8
  1356 | D:2      | Reached skill level 3 in Long Blades
  1591 | D:3      | Noticed a phantom
  1623 | D:3      | HP: 1/29 [phantom (6)]
  1634 | D:3      | Slain by a phantom

Vault maps used:
D:1:      dpeg_arrival_pits, kennysheep_decorative_pillar
D:2:      minmay_stone_trees_medium
D:3:      kennysheep_six_static_rooms, amethyst_overflow_temple_binary

Skill      XL: |  1  2  3 |
---------------+----------+-----
Dodging        | 1 |  1.6
Long Blades    | 2 3 |  3.0
Fighting       | |  1.7
Armour         | |  0.8
Spellcasting   | |  1.7
Charms         | |  2.9

Action                   || total
-------------------------++-------
Melee: Falchion          ||   137
 Cast: Infusion          ||     4
       Shroud of Golubri ||     2
  Use: Potion            ||     4
  Eat: Chunk             ||     2
Armor: Leather armour    ||    25
Dodge: Dodged            ||    62
